cohdb
Replays
Latest Replays
All Replays
Popular Replays
Top Player Replays
Match Explorer
How It Works
Community
CoH3 Stats
Reddit
Sign in to upload your games and track your stats! →
Sign in with Steam
Match 41143771
Unlisted
Match 41143771
Overview
Messages
Build Orders
End
Construct Section Command Post
Selects Indian Artillery Battlegroup
Infantry Section
ML 3-inch Mortar Team
Infantry Section
Grenade Package
Infantry Section
Construct Platoon Command Post
Selects Valour
Selects Gurkha Rifles Section
Construct Field Infirmary
Unlock Bishop Self-propelled Artillery
Infantry Training
6-pounder Anti-tank Gun Team
Selects Artillery Saturation
Bishop Self-propelled Artillery
Gurkha Rifles Section
DaniluK4000
StaRadian((
DFGundog
luca magno
↯↯ Blítzkrieg
Easyjunjie
0
0
Comments
sign in to comment!
No comments posted yet!